 Dungeon Crawl Stone Soup version 0.24.0-13-gcf9b319 (webtiles) character file.

Game seed: 14756641096033879906, levelgen mode: deterministic

5509 Doobh the Changer (level 10, -1/76 HPs)
             Began as a Demonspawn Transmuter on Dec 29, 2019.
             Slain by a killer bee (8 damage)
             ... on level 8 of the Dungeon.
             The game lasted 00:47:45 (7793 turns).

Doobh the Changer (Demonspawn Transmuter)           Turns: 7793, Time: 00:47:46

Health: -1/76      AC:  4    Str: 14    XL:     10   Next: 43%
Magic:  16/16      EV: 14    Int: 15    God:
Gold:   249        SH:  0    Dex: 13    Spells: 7/17 levels left

rFire    . . .     SeeInvis .     - Unarmed
rCold    . . .     Gourm    .   (no shield)
rNeg     . . .     Faith    .   h - +0 troll leather armour
rPois    .         Spirit   .   (helmet restricted)
rElec    .         Reflect  .   (no cloak)
rCorr    .         Harm     .   (no gloves)
MR       .....                  (no boots)
Stlth    +++.......             (no amulet)
HPRegen  0.62/turn              (no ring)
MPRegen  0.15/turn              (no ring)

@: lethally poisoned (-1 -> -1), hasted, very quick
A: antennae 1, claws 2, hooves 2, nightstalker 1, powered by pain 1
a: no special abilities


You were on level 8 of the Dungeon.
You were not hungry.

You visited 2 branches of the dungeon, and saw 10 of its levels.

You collected 249 gold pieces.

Inventory:

Missiles
 a - 50 arrows
 l - 8 datura-tipped darts (quivered)
 n - 3 curare-tipped darts
 y - 5 poisoned darts
Armour
 b - a +0 robe
 h - a +0 troll leather armour (worn)
Jewellery
 s - an uncursed amulet of faith
Wands
 f - a wand of iceblast (9)
 q - a wand of clouds (6)
 u - a wand of acid (10)
Scrolls
 e - 6 scrolls of identify {unknown}
 i - a scroll of magic mapping
 k - 3 scrolls of remove curse
 t - a scroll of immolation {unknown}
 v - a scroll of vulnerability {unknown}
 w - 2 scrolls of fog
 x - 3 scrolls of teleportation
Potions
 j - a potion of haste
 o - a potion of curing
 p - a potion of degeneration {unknown}
 r - a potion of might {unknown}
 z - a potion of flight {unknown}
 A - a potion of invisibility {unknown}
Comestibles
 d - 12 rations


   Skills:
 + Level 5.6 Fighting
 + Level 3.0 Throwing
 + Level 3.1 Armour
 + Level 5.4 Dodging
 + Level 5.5 Stealth
 + Level 5.9 Unarmed Combat
 - Level 4.0 Spellcasting
 * Level 6.4 Transmutations
 * Level 1.9 Ice Magic
 + Level 4.4 Evocations


You had 7 spell levels left.
You knew the following spells:

 Your Spells              Type           Power        Failure   Level  Hunger
a - Beastly Appendage     Tmut           ###...       1%          1    None
b - Blade Hands           Tmut           ###.......   41%         5    ######.
c - Ice Form              Ice/Tmut       ###.....     36%         4    ####...

Your spell library contained the following spells:

 Spells                   Type           Power        Failure   Level  Hunger
 Sticks to Snakes         Tmut           ###.....     2%          2    ##.....
 Spider Form              Tmut/Pois      ##........   19%         3    ###....
 Slow                     Hex            #.......     32%         2    ##.....
 Confuse                  Hex            #.......     54%         3    ###....
 Leda's Liquefaction      Hex/Erth       #.........   91%         4    ####...
 Silence                  Hex/Air        #.........   99%         5    ######.
 Darkness                 Hex            #.........   100%        6    #######


Dungeon Overview and Level Annotations

Branches:
Dungeon (9/15)             Temple (1/1) D:4
   Lair: D:8-11         Orc: D:9-12

Altars:
Cheibriados
Dithmenos
Elyvilon
Fedhas
Gozag
Hepliaklqana
Kikubaaqudgha
Makhleb
Nemelex Xobeh
Okawaru
Qazlal
Ru
Trog
Uskayaw
Wu Jian
Xom
Yredelemnul
The Shining One

Shops:
D:2 *

Annotations:
D:6 Eustachio, Grinder


Innate Abilities, Weirdness & Mutations

You have a pair of small antennae on your head.
You have very sharp fingernails.
You have hoof-like feet.
You are slightly more attuned to the shadows.
You sometimes gain a little power by taking damage.


Message History

You barely miss the killer bee. Your kick misses the killer bee.
Your claw misses the killer bee.
The killer bee is lightly wounded.
The killer bee barely misses you. The killer bee stings you.
* * * LOW HITPOINT WARNING * * *
You are more poisoned.
The killer bee poisons you!
You feel yourself speed up.
You feel sick. The killer bee stings you.
* * * LOW HITPOINT WARNING * * *
The killer bee closely misses you.
You feel sick. The killer bee stings you.
* * * LOW HITPOINT WARNING * * *
You feel sick.
There is a stone staircase leading down, spattered with blood here.
You feel sick. The killer bee misses you.
You feel sick. The killer bee closely misses you.
You feel sick.
You feel sick. The killer bee stings you!
You die...

#.# #.#.###
########.# ##.#.###
#........# #.....#
#.######## #.###.##
#.# #.# #... #.#
#.###... #.#
#...).##
#.###########......
#.@y.....>.....####
################ #
# # # # #


You could see a killer bee.

Vanquished Creatures
  A two-headed ogre (D:8)
  2 hippogriffs
  4 yaks
  5 wraiths (D:9)
  3 porcupines
  Duvessa (D:5)
  A necrophage (D:5)
  A phantom (D:5)
  An eye of draining (D:9)
  2 sky beasts
  6 ogres
  A crocodile (D:8)
  A centaur (D:8)
  2 big kobolds
  2 bullfrogs (D:8)
  A water moccasin zombie (D:5)
  A scorpion (D:9)
  2 water moccasin skeletons
  Dowan (D:5)
  9 killer bees
  A howler monkey (D:4)
  2 crimson imps (D:8)
  A bullfrog zombie (D:9)
  5 hounds
  A centaur skeleton (D:4)
  A jelly (D:8)
  A bullfrog skeleton (D:5)
  2 orc priests
  An orc wizard (D:4)
  An iguana (D:5)
  A killer bee zombie (D:9)
  3 worker ants
  12 adders
  A shadow imp (D:5)
  An adder skeleton (D:4)
  4 worms
  A dart slug (D:1)
  4 leopard geckos
  29 orcs
  7 bats
  A giant cockroach (D:3)
  6 goblins
  5 hobgoblins
  7 jackals
  10 kobolds
  3 quokkas
  5 frilled lizards
  2 leopard gecko skeletons
  A leopard gecko zombie (D:5)
  A quokka skeleton (D:4)
  A quokka zombie (D:7)
  4 rats
172 creatures vanquished.

Vanquished Creatures (others)
  2 fungi (D:9)
  2 plants (D:9)
4 creatures vanquished.

Grand Total: 176 creatures vanquished

Notes
Turn   | Place    | Note
-------+----------+-------------------------------------------
     0 | D:1      | Doobh the Demonspawn Transmuter began the quest for the
                  | Orb.
     0 | D:1      | Reached XP level 1. HP: 15/15 MP: 3/3
   327 | D:1      | Reached skill level 2 in Transmutations
   328 | D:1      | Gained mutation: You sometimes gain a little power by
                  | taking damage. [demonic ancestry]
   328 | D:1      | Reached XP level 2. HP: 20/21 MP: 3/5
   864 | D:2      | Gained mutation: You have sharp fingernails. [demonic
                  | ancestry]
   864 | D:2      | Reached XP level 3. HP: 23/26 MP: 6/6
   880 | D:2      | Found Gozag's Platinum Reserve.
   880 | D:2      | Found an opulent altar of Gozag.
  1032 | D:3      | Reached skill level 1 in Stealth
  1201 | D:3      | Found a shimmering altar of Xom.
  1245 | D:3      | Reached XP level 4. HP: 21/32 MP: 7/7
  1622 | D:3      | Found a blossoming altar of Fedhas.
  1724 | D:3      | Found a glowing golden altar of the Shining One.
  1747 | D:3      | Reached skill level 3 in Transmutations
  1917 | D:4      | Gained mutation: You have large cloven feet. [demonic
                  | ancestry]
  1917 | D:4      | Reached XP level 5. HP: 37/38 MP: 8/8
  1979 | D:4      | Found a sacrificial altar of Ru.
  2104 | D:4      | Reached XP level 6. HP: 32/46 MP: 10/10
  2320 | D:4      | Found a bloodstained altar of Trog.
  2414 | D:4      | Found an ancient bone altar of Kikubaaqudgha.
  2477 | D:4      | Found a staircase to the Ecumenical Temple.
  2488 | Temple   | Entered the Ecumenical Temple
  2776 | D:5      | Entered Level 5 of the Dungeon
  2823 | D:5      | Noticed Dowan
  2827 | D:5      | Noticed Duvessa
  2868 | D:5      | Killed Dowan
  2868 | D:5      | Reached skill level 4 in Transmutations
  2901 | D:5      | Gained mutation: You have very sharp fingernails. [demonic
                  | ancestry]
  2901 | D:5      | Reached XP level 7. HP: 43/52 MP: 9/11
  2917 | D:5      | Learned a level 5 spell: Blade Hands
  3100 | D:5      | Noticed a yak
  3100 | D:5      | Noticed a yak
  3101 | D:5      | Noticed a yak
  3105 | D:5      | Noticed a yak
  3107 | D:5      | Noticed a yak
  3114 | D:5      | Killed a yak
  3134 | D:5      | Killed a yak
  3134 | D:5      | Reached skill level 1 in Evocations
  3134 | D:5      | Gained mutation: You have hoof-like feet. [demonic
                  | ancestry]
  3134 | D:5      | Reached XP level 8. HP: 23/58 MP: 13/13
  3457 | D:5      | Reached skill level 5 in Transmutations
  3661 | D:5      | Killed Duvessa
  4172 | D:6      | Noticed Grinder
  4389 | D:6      | Found a white marble altar of Elyvilon.
  4397 | D:6      | Noticed Eustachio
  4496 | D:7      | Gained mutation: You are slightly more attuned to the
                  | shadows. [demonic ancestry]
  4496 | D:7      | Reached XP level 9. HP: 38/65 MP: 13/15
  4673 | D:7      | Reached skill level 1 in Armour
  4683 | D:7      | Reached skill level 5 in Unarmed Combat
  4791 | D:7      | Found a basalt altar of Yredelemnul.
  4902 | D:8      | Reached skill level 1 in Throwing
  5204 | D:8      | Reached skill level 6 in Transmutations
  6115 | D:9      | Reached skill level 5 in Fighting
  6136 | D:9      | Found the +5 scythe "Finisher" {speed, eviscerate}
  6146 | D:9      | Reached skill level 5 in Dodging
  6146 | D:9      | Reached skill level 5 in Stealth
  6341 | D:9      | Noticed a two-headed ogre
  6371 | D:9      | Lost mutation: You have a pair of horns on your head.
                  | [demonic ancestry]
  6371 | D:9      | Lost mutation: You have a pair of small horns on your head.
                  | [demonic ancestry]
  6371 | D:9      | Gained mutation: You have a pair of small antennae on your
                  | head. [demonic ancestry]
  6371 | D:9      | Reached XP level 10. HP: 58/74 MP: 14/16
  6400 | D:9      | Learned a level 4 spell: Ice Form
  6633 | D:8      | Killed a two-headed ogre
  6633 | D:8      | Reached skill level 1 in Ice Magic
  7052 | D:9      | Identified the Papyrus of Curses
  7612 | D:8      | HP: 3/76 [killer bee (3)]
  7793 | D:8      | Slain by a killer bee

Levels and vault maps discovered:
D:1:      lemuel_arrival_hallway, layout_basic, dk_noncrumbling_3
D:2:      kennysheep_six_static_rooms, layout_basic,
          nicolae_gozag_zags_fifth_avenue, first_ration, grunt_decor_resistance
D:3:      layout_loops_ring, xom_teletrap_fun, marbit_many_paths, tso_altar
D:4:      minmay_general_purpose_star, layout_basic, lemuel_doored_altar,
          bloody_trog, lemuel_crystal_altar, minmay_temple_entry_glassed_door
D:5:      layout_loops_ring, uniq_duvessa
D:6:      layout_loops_corners, ashenzari_conservatory_becter,
          nicolae_overflow_hidden_temple, uniq_eustachio, uniq_grinder
D:7:      layout_basic, lemuel_round_altar
D:8:      layout_loops_ring
D:9:      layout_gridville, led_sif_pool, grunt_lair_entry_orc_guard_hut,
          david_nohive_1, minmay_guarded_unrand_finisher
Temple:   dpeg_three_leaves_temple

Skill      XL: |  1  2  3  4  5  6  7  8  9 10 |
---------------+-------------------------------+-----
Transmutations | 2 3 4 5 6 |  6.4
Dodging        | 2 3 4 5 |  5.4
Stealth        | 1 2 3 4 5 |  5.5
Unarmed Combat | 3 4 5 |  5.9
Fighting       | 2 3 4 5 |  5.6
Spellcasting   | 3 4 |  4.0
Evocations     | 1 2 4 |  4.4
Armour         | 2 3 |  3.1
Throwing       | 2 3 |  3.0
Ice Magic      | 1 |  1.9

Action                   |  1- 3 |  4- 6 |  7- 9 | 10-12 || total
-------------------------+-------+-------+-------+-------++-------
Melee: Unarmed           |   155 |   213 |   365 |   118 ||   851
       Kick              |     5 |    38 |    98 |    31 ||   172
       Headbutt          |     1 |     6 |    35 |       ||    42
       Punch             |       |     2 |     6 |       ||     8
 Cast: Beastly Appendage |     8 |     7 |    31 |     1 ||    47
  Use: Scroll            |       |     7 |     1 |     5 ||    13
       Potion            |       |       |     3 |     7 ||    10
 Stab: Sleeping          |     1 |     4 |     7 |     1 ||    13
  Eat: Chunk             |     1 |     4 |     8 |     1 ||    14
       Ration            |       |     1 |     1 |     1 ||     3
Armor: Troll leather arm |    37 |    41 |    63 |    32 ||   173
       Robe              |     1 |       |       |       ||     1
Dodge: Dodged            |   107 |   108 |   246 |   174 ||   635
